 Dungeon Crawl Stone Soup version 0.19-a0-1097-g38e3b35 (webtiles) character file.

54917 Duffy the Severer (level 14, -1/136 HPs)
             Began as a Deep Dwarf Gladiator on Aug 8, 2016.
             Was the Champion of Makhleb.
             Slain by a dire elephant (26 damage)
             ... on level 6 of the Lair of Beasts.
             The game lasted 00:45:52 (18515 turns).

Duffy the Severer (Deep Dwarf Gladiator)           Turns: 18515, Time: 00:45:52

Health: -1/136     AC: 20    Str: 19    XL:     14   Next: 36%
Magic:  16/16      EV: 14    Int: 12    God:    Makhleb [******]
Gold:   1349       SH:  3    Dex: 17    Spells: 0 memorised, 13 levels left

rFire  . . .     SeeInvis .     b - +1 battleaxe (flame)
rCold  . . .     Gourm    .     q - +1 chain mail {MR+}
rNeg   + + +     Faith    .     (shield currently unavailable)
rPois  +         Spirit   .     c - +0 helmet
rElec  +         Dismiss  .     r - +0 cloak
rCorr  .         Reflect  +     R - +1 pair of gloves
SustAt .         Harm     .     P - +0 pair of boots
MR     +++..                    z - amulet "Hoseohew" {Reflect rElec rN+ Int+2 Slay+3 SH+3}
Stlth  ..........               a - ring of poison resistance
                                L - ring of positive energy

@: non-regenerating
A: damage resistance, recharge devices, negative energy resistance 1, sense
surroundings 2, slow regeneration 3
a: Device Recharging, Minor Destruction, Lesser Servant of Makhleb, Major
Destruction, Greater Servant of Makhleb, Renounce Religion


You were on level 6 of the Lair of Beasts.
You worshipped Makhleb.
Makhleb was exalted by your worship.
You were not hungry.

You visited 2 branches of the dungeon, and saw 18 of its levels.
You also visited: Labyrinth, Ossuary and Volcano.

You collected 1381 gold pieces.
You spent 32 gold pieces at shops.


Innate Abilities, Weirdness & Mutations

You are resistant to damage.
You can recharge devices by infusing magical energy.
You resist negative energy. (rN+)
You passively map the area around you.
You do not regenerate naturally.


   Skills:
 + Level 11.8 Fighting
 * Level 16.3 Axes
 - Level 1.8 Throwing
 + Level 12.0 Armour
 + Level 10.7 Dodging
 - Level 6.0 Invocations
 - Level 5.5 Evocations


You had 13 spell levels left.
You didn't know any spells.

Inventory:

Hand Weapons
 b - a +1 battleaxe of flaming (weapon)
Missiles
 d - 3 throwing nets
 v - 7 javelins (quivered)
Armour
 c - a +0 helmet (worn)
 q - a +1 chain mail of magic resistance (worn)
 r - a +0 cloak (worn)
 P - a +0 pair of boots (worn)
 R - a +1 pair of gloves (worn)
Rods
 J - a +2 rod of clouds (14/14)
Jewellery
 a - a ring of poison resistance (right hand)
 z - the amulet "Hoseohew" (around neck) {Reflect rElec rN+ Int+2 Slay+3 SH+3}

   [amulet of reflection]

   It shields you and reflects attacks.
   It affects your intelligence (+2).
   It affects your accuracy and damage with ranged weapons and melee attacks
   (+3).
   It insulates you from electricity.
   It protects you from negative energy.
   It affects your SH (+3).
 A - an uncursed ring of fire
 B - an uncursed amulet of rage
 L - a ring of positive energy (left hand)
 Y - an uncursed ring of ice
Wands
 e - a wand of heal wounds (5/9)
 t - a wand of polymorph (12/24)
 u - a wand of lightning (11/15)
 F - a wand of confusion (32/48)
 I - a wand of confusion (23/48)
 V - a wand of enslavement (3/24)
 X - a wand of iceblast (9/15)
 Z - a wand of iceblast (11/15)
Scrolls
 g - 4 scrolls of fear
 k - 2 scrolls of immolation
 m - 6 scrolls of recharging
 p - 8 scrolls of enchant weapon
 s - 6 scrolls of teleportation
 x - 10 scrolls of remove curse
 y - 4 scrolls of enchant armour
 C - 2 scrolls of blinking
 H - 3 scrolls of vulnerability
 K - a scroll of silence
 M - 2 scrolls of brand weapon
 O - 2 scrolls of fog
 S - a scroll of magic mapping
Potions
 h - 2 potions of haste
 i - 5 potions of agility
 j - 7 potions of might
 l - 2 potions of flight
 n - 9 potions of curing
 D - a potion of cancellation
 Q - a potion of resistance
 T - 2 potions of heal wounds
 U - 3 potions of berserk rage
 W - a potion of ambrosia {unknown}
Miscellaneous
 N - a fan of gales
Comestibles
 f - 10 bread rations
 o - 20 meat rations
 G - 12 chunks of flesh

Dungeon Overview and Level Annotations

Branches:
Dungeon (12/15)            Temple (0/1) D:5            Lair (6/6) D:11
 Shoals (0/4) Lair:2        Snake (0/4) Lair:4        Slime (0/5) Lair:6
    Orc (0/2) D:12

Altars:
Ashenzari
Cheibriados
Elyvilon
Kikubaaqudgha
Makhleb
Nemelex Xobeh
Okawaru
Qazlal
Sif Muna
Trog
Uskayaw
Vehumet
Xom
Zin
The Shining One
Jiyva

Shops:
D:12 *


Message History

You are too injured to fight recklessly!
You are too injured to fight recklessly!
You are too injured to fight recklessly!
You are too injured to fight recklessly!
You are too injured to fight recklessly!
You are too injured to fight recklessly!
You are too injured to fight recklessly!
You are too injured to fight recklessly!
You hit the dire elephant. You burn the dire elephant.
The dire elephant is lightly wounded.
You hit the river rat. You burn the river rat.
You hit the plant but do no damage.
The river rat bites you but does no damage.
You hit the dire elephant. You burn the dire elephant.
The dire elephant is moderately wounded.
You closely miss the river rat. You hit the plant but do no damage.
The dire elephant tramples you!
You hold your ground!
The dire elephant trunk-slaps you but does no damage.
The river rat barely misses you.
You slash the dire elephant! You burn the dire elephant.
The dire elephant is moderately wounded.
You slash the river rat! You burn the river rat.
You kill the river rat!
Makhleb accepts your kill.
You slice the plant!! You burn the plant.
The dire elephant tramples you but does no damage.
The dire elephant closely misses you.
You slash the dire elephant! You burn the dire elephant.
The dire elephant is moderately wounded.
You slash the plant! You burn the plant. The dire elephant tramples you!
You hold your ground!
The dire elephant trunk-slaps you but does no damage.
You slash the dire elephant! You burn the dire elephant.
The dire elephant is heavily wounded.
You hit the plant. You burn the plant. The dire elephant barely misses you.
The dire elephant trunk-slaps you but does no damage.
You slice the dire elephant!! You burn the dire elephant!
The dire elephant is severely wounded.
You hit the plant. You burn the plant. The dire elephant tramples you!!
You hold your ground!
The dire elephant trunk-slaps you but does no damage.
You hit the dire elephant. You burn the dire elephant.
The dire elephant is severely wounded.
You slash the plant! You burn the plant.
You destroy the plant!
The dire elephant barely misses you. The dire elephant closely misses you.
You hit the dire elephant. You burn the dire elephant.
The dire elephant is severely wounded.
The dire elephant tramples you!!
You die...

##.........7 #..#....##787
#########''##'### 7|7
#~~.##8....#8..# 77
~~~.%'.....#...# ####
~~~~.#8.####.#.# #..######
~~~~.####P...#'###### #.#....P#
.~~~~#....####.Y%..P# #......##
#.~###.#### #..@...# #.......#
####...##777##......# #.......##
.....###....7######## ###....#.#
######7.......7##########.#...##
.......................###....#
.#P...#..............P## #....#
###..###..............# ##..##
.##...##...P..........#####..##
...P.(#P.#............#.##....#


You could see a dire elephant.

Action                   |  1- 3 |  4- 6 |  7- 9 | 10-12 | 13-15 || total
-------------------------+-------+-------+-------+-------+-------++-------
Melee: War axe           |   123 |   135 |   510 |   438 |       ||  1206
       Battleaxe         |       |       |       |   559 |   543 ||  1102
       Morningstar       |       |       |       |     4 |       ||     4
Invok: Lesser Servant of |       |       |       |     4 |       ||     4
 Abil: Device Recharging |       |       |     2 |       |       ||     2
       Evoke Berserk Rag |       |       |     7 |    28 |     5 ||    40
Evoke: Wand              |       |     2 |     8 |     2 |       ||    12
  Use: Scroll            |       |     7 |     9 |    15 |     6 ||    37
       Potion            |       |       |     1 |       |     2 ||     3
 Stab: Distracted        |       |       |       |     1 |       ||     1
  Eat: Chunk             |     2 |     3 |    12 |    48 |    11 ||    76
       Fruit             |       |     4 |       |     5 |       ||     9
       Beef jerky        |       |       |     1 |       |       ||     1
       Royal jelly       |       |       |       |     2 |       ||     2
       Pizza             |       |       |       |       |     4 ||     4
       Bread ration      |       |       |       |       |     1 ||     1
Armor: Scale mail        |    31 |       |       |       |       ||    31
       Chain mail        |    55 |   133 |   273 |   521 |   216 ||  1198
       Skin              |       |       |    29 |       |       ||    29
Dodge: Dodged            |    81 |    77 |   194 |   593 |   324 ||  1269
Block: Other             |       |       |       |       |    41 ||    41

Notes
Turn   | Place    | Note
-------+----------+-------------------------------------------
     0 | D:1      | Duffy the Deep Dwarf Gladiator began the quest for the Orb.
     0 | D:1      | Reached XP level 1. HP: 19/19 MP: 1/1
   226 | D:1      | Reached XP level 2. HP: 24/26 MP: 2/2
   249 | D:1      | Reached skill level 4 in Axes
   616 | D:1      | Reached skill level 2 in Fighting
   842 | D:2      | Reached XP level 3. HP: 27/32 MP: 3/3
  1244 | D:3      | Found a snail-covered altar of Cheibriados.
  1367 | D:3      | Reached XP level 4. HP: 23/40 MP: 4/4
  1426 | D:3      | Noticed a giant frog
  1438 | D:3      | Killed a giant frog
  1438 | D:3      | Reached skill level 3 in Fighting
  1438 | D:3      | Reached skill level 5 in Axes
  1438 | D:3      | Reached XP level 5. HP: 20/49 MP: 5/5
  1664 | D:3      | Found a burning altar of Makhleb.
  1665 | D:3      | Noticed a cacodemon
  1669 | D:3      | Found a glowing silver altar of Zin.
  1669 | D:3      | Noticed an angel
  1674 | D:3      | Became a worshipper of Makhleb the Destroyer
  1722 | D:3      | Found an iron altar of Okawaru.
  1818 | D:3      | Reached skill level 4 in Fighting
  2170 | D:4      | Reached XP level 6. HP: 41/57 MP: 6/6
  2211 | D:4      | Reached skill level 6 in Axes
  2546 | D:5      | Entered Level 5 of the Dungeon
  2546 | D:5      | Noticed CypherZel's ghost (amateur DECj)
  2610 | D:5      | Found a staircase to the Ecumenical Temple.
  2617 | D:5      | Noticed Dowan
  2618 | D:5      | Noticed Duvessa
  2779 | D:6      | Reached * piety under Makhleb
  2797 | D:6      | Noticed an ice beast
  2816 | D:6      | Killed an ice beast
  2816 | D:6      | Reached skill level 5 in Fighting
  2816 | D:6      | Reached XP level 7. HP: 62/67 MP: 7/7
  2854 | D:6      | Reached skill level 7 in Axes
  3063 | D:6      | Reached skill level 6 in Fighting
  3084 | D:6      | Reached skill level 8 in Axes
  3084 | D:6      | Reached XP level 8. HP: 50/76 MP: 7/7
  3204 | D:6      | You fall through a shaft!
  3274 | D:7      | Reached skill level 1 in Evocations
  3279 | D:7      | Found a sand-covered staircase.
  3293 | Ossuary  | Entered an ossuary
  3302 | Ossuary  | Reached ** piety under Makhleb
  3368 | Ossuary  | Reached skill level 2 in Evocations
  3380 | Ossuary  | Reached skill level 9 in Axes
  3441 | Ossuary  | Reached skill level 3 in Evocations
  3549 | Ossuary  | Reached *** piety under Makhleb
  3611 | Ossuary  | Reached skill level 4 in Evocations
  3665 | D:7      | Noticed Prince Ribbit
  3748 | D:7      | Killed Prince Ribbit
  3748 | D:7      | Reached skill level 5 in Evocations
  3748 | D:7      | Gained mutation: You passively map the area around you. [Deep Dwarf growth]
  3748 | D:7      | Reached XP level 9. HP: 85/85 MP: 9/11
  3853 | D:7      | Found a glowing golden altar of the Shining One.
  4219 | D:8      | Reached skill level 1 in Armour
  4235 | D:8      | Reached skill level 10 in Axes
  4252 | D:8      | Reached skill level 2 in Armour
  4290 | D:8      | Reached skill level 4 in Dodging
  4434 | D:8      | Reached skill level 7 in Fighting
  4508 | D:8      | Found an ancient bone altar of Kikubaaqudgha.
  4512 | D:8      | Found a shimmering altar of Xom.
  4513 | D:8      | Found a deep blue altar of Sif Muna.
  4513 | D:8      | Found a stormy altar of Qazlal.
  4514 | D:8      | Found a shattered altar of Ashenzari.
  4514 | D:8      | Found a sparkling altar of Nemelex Xobeh.
  4515 | D:8      | Found a radiant altar of Vehumet.
  4565 | D:8      | Reached **** piety under Makhleb
  4665 | D:8      | Reached skill level 3 in Armour
  4781 | D:8      | Reached skill level 5 in Dodging
  4893 | D:9      | Reached skill level 4 in Armour
  5193 | D:9      | Reached XP level 10. HP: 68/91 MP: 12/12
  5216 | D:9      | Found a white marble altar of Elyvilon.
  5262 | D:9      | Found a bloodstained altar of Trog.
  5456 | D:9      | Reached skill level 5 in Armour
  5714 | D:9      | Noticed an enchanted dagger
  5715 | D:9      | Noticed a dagger
  5756 | D:9      | Found a hide-covered altar of Uskayaw.
  6070 | D:7      | Reached skill level 6 in Dodging
  6526 | D:5      | Killed Duvessa
  6526 | D:5      | Reached skill level 8 in Fighting
  6541 | D:5      | Reached ***** piety under Makhleb
  6585 | D:5      | Killed Dowan
  6931 | D:5      | Reached skill level 11 in Axes
  7105 | D:5      | Killed CypherZel's ghost
  7828 | D:10     | Entered Level 10 of the Dungeon
  7890 | D:10     | Reached skill level 1 in Invocations
  7906 | D:9      | Noticed a gargoyle
  7939 | D:9      | Killed a gargoyle
  7939 | D:9      | Reached skill level 2 in Invocations
  8324 | D:10     | Noticed a green ugly thing
  8336 | D:10     | Killed a green ugly thing
  8336 | D:10     | Reached skill level 3 in Invocations
  8394 | D:10     | Reached skill level 4 in Invocations
  8584 | D:10     | Noticed a cyan ugly thing
  8593 | D:10     | Killed a cyan ugly thing
  8593 | D:10     | Reached skill level 5 in Invocations
  8685 | D:10     | Reached skill level 12 in Axes
  8818 | D:10     | Reached XP level 11. HP: 63/100 MP: 13/13
  9009 | D:10     | Reached skill level 6 in Invocations
  9141 | D:10     | Noticed a hill giant
  9166 | D:10     | Killed a hill giant
  9166 | D:10     | Reached skill level 6 in Armour
  9586 | D:10     | Noticed a hill giant
  9593 | D:10     | Killed a hill giant
  9593 | D:10     | Reached skill level 7 in Dodging
  9718 | D:11     | Found a staircase to the Lair.
  9719 | D:11     | Reached ****** piety under Makhleb
 10245 | D:11     | Noticed a hill giant
 10252 | D:11     | Killed a hill giant
 10252 | D:11     | Reached skill level 7 in Armour
 10300 | D:11     | Noticed a hill giant
 10335 | D:11     | Killed a hill giant
 10450 | D:11     | Reached skill level 9 in Fighting
 10604 | D:11     | Noticed Gastronok
 10639 | D:11     | Killed Gastronok
 10639 | D:11     | Reached skill level 8 in Dodging
 10716 | D:11     | Reached skill level 13 in Axes
 10803 | D:11     | Noticed a hill giant
 10809 | D:11     | Killed a hill giant
 10899 | D:11     | Reached skill level 8 in Armour
 10971 | D:11     | Reached XP level 12. HP: 115/115 MP: 14/14
 11150 | D:11     | Noticed a five-headed hydra
 11162 | D:11     | Killed a five-headed hydra
 11316 | D:12     | Noticed Psyche
 11325 | D:12     | Killed Psyche
 11639 | D:12     | Reached skill level 9 in Dodging
 11687 | D:12     | Noticed a centaur warrior
 11705 | D:12     | Killed a centaur warrior
 11713 | D:12     | Reached skill level 9 in Armour
 11784 | D:12     | Found Zeruh's General Store.
 11792 | D:12     | Reached skill level 10 in Fighting
 11974 | D:12     | Bought a scroll of identify for 32 gold pieces
 12067 | D:12     | Found a staircase to the Orcish Mines.
 12492 | D:12     | Reached skill level 14 in Axes
 12577 | Lair:1   | Entered Level 1 of the Lair of Beasts
 13175 | Lair:2   | Found a labyrinth entrance.
 13184 | Lab      | Entered a labyrinth
 13266 | Lab      | Reached skill level 10 in Armour
 13351 | Lab      | Noticed a minotaur
 13369 | Lab      | Killed a minotaur
 13371 | Lab      | Got a steaming iron amulet
 13424 | Lab      | Identified the Reference Book on Shape Shifting
 13425 | Lab      | Got a vibrating silver amulet
 13637 | Lair:2   | Reached XP level 13. HP: 87/124 MP: 15/15
 13681 | Lair:2   | Found a staircase to the Shoals.
 13724 | Lair:2   | Identified the amulet "Hoseohew" {Reflect rElec rN+ Int+2 Slay+3 SH+3} (You took it off a minotaur in a labyrinth)
 13960 | Lair:2   | Identified the amulet of Springtime {Harm *Drain MR+} (You found it in a labyrinth)
 15271 | Lair:4   | Found a staircase to the Snake Pit.
 15304 | Lair:4   | Reached skill level 11 in Fighting
 15419 | Lair:4   | Found a dark tunnel.
 15438 | Volcano  | Entered a volcano
 15464 | Volcano  | Found a bloodstained altar of Trog.
 15504 | Volcano  | Reached skill level 11 in Armour
 15608 | Lair:4   | Reached skill level 15 in Axes
 16538 | Lair:5   | Reached skill level 10 in Dodging
 17395 | Lair:6   | Entered Level 6 of the Lair of Beasts
 17523 | Lair:6   | Gained mutation: You resist negative energy. (rN+) [Deep Dwarf growth]
 17523 | Lair:6   | Reached XP level 14. HP: 135/135 MP: 16/16
 17535 | Lair:6   | Noticed Josephine
 17547 | Lair:6   | Killed Josephine
 17662 | Lair:6   | Found a viscous altar of Jiyva.
 17662 | Lair:6   | Found a staircase to the Slime Pits.
 17744 | Lair:6   | Reached skill level 16 in Axes
 18408 | Lair:6   | Reached skill level 12 in Armour
 18515 | Lair:6   | Slain by a dire elephant

Skill      XL: |  1  2  3  4  5  6  7  8  9 10 11 12 13 14 |
---------------+-------------------------------------------+-----
Axes           | 4 5 6 8 9 10 12 13 14 15 16 | 16.3
Fighting       | 2 3 4 5 6 7 8 9 10 11 | 11.8
Evocations     | 5 |  5.5
Armour         | 4 5 8 10 11 12 | 12.0
Dodging        | 5 6 8 9 10 | 10.7
Invocations    | 5 6 |  6.0
Throwing       | |  1.8

Vault maps used:
D:1:      lemuel_arrival_rhombus
D:3:      grunt_temple_overflow_order_and_chaos_2, okawaru_altar_gauntlet_db,
          cheibriados_altar_wand_db, first_bread
D:4:      kennysheep_generic_room_16
D:5:      uniq_duvessa
D:7:      nicolae_whirlpool, kennysheep_mini, chequers_ossuary_entry_cave,
          uniq_prince_ribbit1
D:8:      grunt_temple_overflow_open
D:9:      elyvilon_altar_1, kennysheep_little_box, dancing_weapons_uskayaw,
          grunt_decor_mini_mirrors
D:10:     minmay_imperfect_grid, lightli_orcish_oven
D:11:     grunt_lair_entry_orc_guard_hut, uniq_gastronok
D:12:     orc_0_dummy, serial_shops, nicolae_shop_window_shopping,
          hangedman_stone_soup, uniq_psyche
Lair:2:   elwin_shoals_entry_rooms, lab_entry_generic, grunt_megastairs_5,
          infiniplex_staircase_pool_2
Lair:4:   dummy_snake_entry, nicolae_volcano_entry_lava_flow
Lair:5:   beast_lair_carwin_9
Lair:6:   due_jungle_book, slime_altar_1, columned_hall_lemuel,
          grunt_megastairs_3, uniq_josephine
Lab:      labyrinth_watery, nicolae_lab_checkerboard,
          labyrinth_skeletal_remains, nicolae_lab_t_cross, nicolae_lab_x,
          nicolae_lab_plus
Ossuary:  minmay_ossuary_two_tombs
Volcano:  kennysheep_volcano_temple

Vanquished Creatures
  Gastronok
  4 dire elephants
  A minotaur Josephine
  5 hydras
  An anaconda
  A centaur warrior
  An ogre mage
  5 death yaks
  9 hill giants
  2 manticores
  2 ugly things
  A cyclops
  4 black mambas Psyche
  10 spiny frogs
  2 gargoyles
  4 komodo dragons
  2 centaur skeletons
  A rime drake
  A merfolk
  2 polar bears Prince Ribbit
  2 trolls
  5 slime creatures
  12 blink frogs
  The ghost of CypherZel the Ducker, an amateur DECj of Fedhas
  A wyvern
  A spriggan
  5 wraiths
  33 yaks
  9 hippogriffs
  5 hungry ghosts
  3 basilisks
  A mottled dragon Duvessa
  A soldier ant
  12 water moccasins
  7 porcupines
  11 orc warriors
  6 ice beasts
  4 sky beasts
  A black bear
  3 necrophages
  A wasp
  2 phantoms
  5 ogres
  22 centaurs
  17 wolves
  13 crocodiles
  2 elf zombies
  4 big kobolds
  12 giant frogs Dowan
  A wyvern zombie
  2 scorpions
  A wyvern skeleton
  14 wights
  12 killer bees
  A howler monkey
  6 crimson imps
  3 centaur zombies
  2 giant frog zombies
  3 human zombies
  A quasit
  7 orc priests
  4 giant frog skeletons
  7 hounds
  3 jellies
  16 orc wizards
  6 iguanas
  7 worker ants
  21 sheep
  A big kobold zombie
  2 hound skeletons
  2 hound zombies
  3 mummies
  A worker ant zombie
  15 adders
  6 gnolls
  25 river rats
  4 shadow imps
  2 adder skeletons
  3 adder zombies
  A worm
  A dart slug
  4 giant geckos
  52 orcs
  2 giant cockroaches
  2 gnoll zombies
  9 goblins
  4 hobgoblins
  25 jackals
  4 quokkas
  2 ball pythons
  14 bats
  A giant gecko zombie
  6 giant newts
  3 goblin zombies
  4 hobgoblin zombies
  A jackal zombie
  25 kobolds
  2 kobold zombies
  3 orc zombies
  6 quokka zombies
  14 rats
  3 rat zombies
  12 fungi
  6 plants
652 creatures vanquished.
